 Dungeon Crawl Stone Soup version 0.31.0-32-g396128a36d (webtiles) character file.

Game seed: 11969029363458865428

46 firemarshallily the Digger (level 3, 0/27 HPs)
             Began as a Demigod Earth Elementalist on Apr 17, 2024.
             Slain by a goblin
             ... wielding a +2 dagger of venom
             ... led by Robin
              (2 damage)
             ... on level 2 of the Dungeon.
             The game lasted 00:02:17 (1344 turns).

firemarshallily the Digger (DgEE)                   Turns: 1344, Time: 00:02:18

Health: 0/27       AC:  2    Str:  9    XL:     3   Next: 26%
Magic:  2/9        EV: 12    Int: 21    God:
Gold:   64         SH:  0    Dex: 14    Spells: 5/6 levels left

rFire   . . .        g - +0 short sword (vamp)
rCold   . . .        (no shield)
rNeg    . . .        a - +0 robe
rPois   .            (no helmet)
rElec   .            (no cloak)
rCorr   .            (no gloves)
SInv    .            (no boots)
Will    +....        (no amulet)
Stlth   ++           (no ring)
HPRegen 0.24/turn    (no ring)
MPRegen 0.11/turn

%: no passive effects
@: lethally poisoned (0 -> -7), enlightened, flying
A: high MP 1, forlorn, divine attributes
a: no special abilities


You were on level 2 of the Dungeon.
You visited 1 branch of the dungeon, and saw 2 of its levels.

You collected 64 gold pieces.

Inventory:

Hand Weapons
 g - a +0 vampiric short sword (weapon)
Armour
 a - a +0 robe (worn)
Scrolls
 c - a scroll of identify
 e - a scroll of revelation
Potions
 b - a potion of magic


   Skills:
 + Level 0.7 Fighting
 - Level 1.7 Dodging
 - Level 1.7 Stealth
 * Level 2.3 Spellcasting
 + Level 1.3 Conjurations
 * Level 3.3 Earth Magic


You had 5 spell levels left.
You knew the following spells:

 Your Spells              Type           Power      Damage    Failure   Level
a - Sandblast             Erth           32%        2d9       3%          1

Your spell library contained the following spells:

 Spells                   Type           Power      Damage    Failure   Level
 Passwall                 Erth           16%        N/A       11%         3
 Stone Arrow              Conj/Erth      24%        3d8       16%         3
 Brom's Barrelling Bould  Conj/Erth      12%        2d4       47%         4
 Petrify                  Alch/Erth      9%         N/A       56%         4


Dungeon Overview and Level Annotations

Branches:
Dungeon (2/15)

Annotations:
D:2 Robin


Innate Abilities, Weirdness & Mutations

You have an increased reservoir of magic. (+10% MP)
You shall have no god before yourself.
Your divine heritage dramatically boosts your attributes as you level up.


Message History

The blast of sand hits the hobgoblin!
You kill the hobgoblin!
Robin roars a battlecry!
You hear a shout! x3
The blast of sand hits the goblin!
You kill the goblin!
The blast of sand hits Robin but does no damage.
The blast of sand hits Robin but does no damage.
Robin closely misses you.
The blast of sand hits Robin.
Robin is lightly wounded.
Robin hits you with a +0 short sword of protection.
The hobgoblin closely misses you.
The blast of sand hits Robin but does no damage.
Robin is lightly wounded.
The hobgoblin hits you. Robin hits you but does no damage.
The goblin completely misses you.
Unknown command.
The blast of sand hits Robin.
Robin is moderately wounded.
The hobgoblin hits you. Robin throws the goblin at you! The goblin misses you.
The hobgoblin hits you.
* * * LOW HITPOINT WARNING * * *
Unknown command.
It was a potion of enlightenment.
You feel very buoyant.
You fly up into the air.
Robin hits you but does no damage.
The goblin hits you with a +2 dagger of venom.
* * * LOW HITPOINT WARNING * * *
You are lethally poisoned!
The hobgoblin hits you but does no damage.
Okay, then.
As you read the scroll labelled ETEFET SUOWO, it crumbles to dust.
It is a scroll of identify.
e - a scroll of revelation
* * * LOW HITPOINT WARNING * * *
You feel very sick. Robin hits you but does no damage.
The goblin hits you with a +2 dagger of venom.
You die...

.........####.....#
.........#.....†..#
.........#.##.....###
.........#.##.......#
.........#..........#
.........#..#.......#
...................>#
.................g###
..........###g@##
..........# #g.#
##+##.....###..###.##
########.........
#.)###.....
#..........
#...........
#.#.........
+..#....gg###


You could see Robin, a hobgoblin (strong) and a goblin (strong).

Vanquished Creatures
  2 dart slugs (D:1)
  2 ball pythons (D:1)
  5 bats
  2 endoplasms (D:1)
  5 goblins
  2 hobgoblins
  6 jackals (D:1)
  A quokka (D:2)
  5 frilled lizards (D:1)
  3 kobolds
  5 rats
38 creatures vanquished.

Notes
Turn   | Place    | Note
-------+----------+-------------------------------------------
     0 | D:1      | firemarshallily the Demigod Earth Elementalist began the
                  | quest for the Orb.
     0 | D:1      | Reached XP level 1. HP: 14/14 MP: 5/5
     6 | D:1      | Noticed an anaconda
     6 | D:1      | Noticed a redback
     6 | D:1      | Noticed a komodo dragon
     7 | D:1      | Noticed a black bear
     7 | D:1      | Noticed a swamp worm
   180 | D:1      | Reached skill level 1 in Conjurations
   275 | D:1      | Reached XP level 2. HP: 20/20 MP: 4/7
   278 | D:1      | Reached skill level 3 in Earth Magic
   911 | D:1      | Reached XP level 3. HP: 27/27 MP: 7/9
  1329 | D:2      | Noticed Robin
  1344 | D:2      | Slain by a goblin

Illustrated notes

Levels and vault maps discovered:
D:1:      onia_arrival_zoo_common, layout_basic
D:2:      layout_basic, dk_noncrumbling_3, uniq_jessica, uniq_robin

Skill      XL: |  1  2 |
---------------+-------+-----
Conjurations   | 1 |  1.3
Spellcasting   | 2 |  2.3
Earth Magic    | 3 |  3.3
Fighting       | |  0.7
Dodging        | |  1.7
Stealth        | |  1.7

Action                     || total
---------------------------++-------
   Cast: Sandblast         ||    55
    Use: Scroll            ||     1
         Potion            ||     1
 Armour: Robe              ||    21
  Dodge: Dodged            ||    18
